 Dungeon Crawl Stone Soup version 0.29.1-15-g9cfb28693d (webtiles) character file.

Game seed: 11588053383196204252

222 Artool the Trooper (level 5, -3/44 HPs)
             Began as a Demonspawn Fighter on Apr 6, 2023.
             Killed by nerve-wracking pain
             ... invoked by Grinder
              (7 damage)
             ... on level 4 of the Dungeon.
             The game lasted 00:07:24 (3551 turns).

Artool the Trooper (Demonspawn Fighter)             Turns: 3551, Time: 00:07:25

Health: -3/44      AC:  8    Str: 18    XL:     5   Next: 66%
Magic:  0/5        EV:  9    Int: 10    God:
Gold:   172        SH:  4    Dex: 12    Spells: 4/4 levels left

rFire   . . .      SeeInvis .   g - +3 whip
rCold   . . .      Faith    .   c - +0 buckler
rNeg    . . .      Spirit   +   b - +0 scale mail
rPois   .          Reflect  .   (no helmet)
rElec   .          Harm     .   (no cloak)
rCorr   .          Rampage  .   (no gloves)
Will    .....                   (no boots)
Stlth   ..........              e - amulet of guardian spirit
HPRegen 0.14/turn               (no ring)
MPRegen 0.09/turn               (no ring)

@: no status effects
A: rugged brown scales 1
a: no special abilities


You were on level 4 of the Dungeon.
You visited 1 branch of the dungeon, and saw 4 of its levels.

You collected 172 gold pieces.

Inventory:

Hand Weapons
 a - a +0 flail
 g - a +3 whip (weapon)
Missiles
 t - a javelin (quivered)
 v - a throwing net
Armour
 b - a +0 scale mail (worn)
 c - a +0 buckler (worn)
Jewellery
 e - an amulet of guardian spirit (around neck)
 h - a ring of fire
 p - an amulet of reflection
Scrolls
 f - 2 scrolls of amnesia {unknown}
 j - a scroll of fear {unknown}
 k - a scroll of immolation {unknown}
 l - a scroll of teleportation {unknown}
 m - a scroll of summoning {unknown}
 s - a scroll of poison {unknown}
 w - a scroll of enchant armour {unknown}
 x - 2 scrolls of identify {unknown}
Potions
 d - a potion of might
 i - 2 potions of haste {unknown}
 n - a potion of flight {unknown}
 o - 2 potions of lignification {unknown}
 q - a potion of ambrosia {unknown}
 r - a potion of cancellation {unknown}
 u - a potion of heal wounds {unknown}


   Skills:
 + Level 4.4 Fighting
 + Level 3.4 Maces & Flails
 + Level 4.0 Armour
 - Level 2.6 Shields


You had 4 spell levels left.
You didn't know any spells.
Your spell library contained the following spells:

 Spells                   Type           Power      Damage    Failure   Level
 Magic Dart               Conj           0%         1d3       83%         1
 Summon Small Mammal      Summ           0%         N/A       83%         1
 Call Imp                 Summ           0%         N/A       93%         2
 Call Canine Familiar     Summ           0%         N/A       99%         3
 Mephitic Cloud           Conj/Pois/Air  0%         N/A       99%         3
 Summon Guardian Golem    Hex/Summ       0%         N/A       99%         3
 Animate Dead             Necr           0%         N/A       100%        4
 Haunt                    Necr/Summ      0%         N/A       100%        7
 Infestation              Necr           0%         N/A       100%        8


Dungeon Overview and Level Annotations

Branches:
Dungeon (4/15)
 Temple: D:4-7

Altars:

Annotations:
D:4 Grinder


Innate Abilities, Weirdness & Mutations

You are partially covered in rugged brown scales. (AC +1, +3% HP)


Message History

You climb downwards.
The orc shouts!
Found 11 gold pieces.
There is a stone staircase leading up here.
There is a stone staircase leading up here.
You climb upwards.
There is a stone staircase leading down here.
There is a stone staircase leading down here.
You climb downwards.
Found a leather armour.
There is a stone staircase leading up here.
Grinder comes into view.
Throw: 2 javelins
Press: ? - help, Q - select action, (/) - cycle Shift-Dir - straight line, f - Grinder
Aim: Grinder (55% to hit)
You throw a javelin. The javelin completely misses Grinder.
Grinder says, "You look like you could use a good racking."
Grinder hits you but does no damage.
You completely miss Grinder. You hit Grinder.
Grinder is lightly wounded.
Grinder hits you.
You writhe in agony.
Grinder hits you.
You writhe in agony.
You whack Grinder!
Grinder is moderately wounded.
Grinder hits you!
You writhe in agony.
* * * LOW HITPOINT WARNING * * *
You barely miss Grinder.
Grinder is moderately wounded.
Grinder hits you.
* * * LOW HITPOINT WARNING * * *
You writhe in agony.
* * * LOW HITPOINT WARNING * * *
You hit Grinder but do no damage.
Grinder is moderately wounded.
Grinder misses you.
You hit Grinder.
Grinder is moderately wounded.
Grinder gestures at you. Pain shoots through your body!
You die...

.. .#.# .
... #.
[.# .##..
... #.#
##<# #..#
#@###
#5#.##...
#....5...
+........
###......
...##.
#...#
(....
##.#.


You could see Grinder.

Vanquished Creatures
  An orc priest (D:2)
  Jessica (D:3)
  3 orc wizards
  4 adders
  A worm (D:2)
  10 orcs
  3 bats
  3 endoplasms
  2 giant cockroaches (D:2)
  3 goblins
  4 hobgoblins (D:2)
  A kobold (D:2)
  3 quokkas
  2 ball pythons (D:2)
  2 frilled lizards
  2 rats (D:1)
45 creatures vanquished.

Notes
Turn   | Place    | Note
-------+----------+-------------------------------------------
     0 | D:1      | Artool the Demonspawn Fighter began the quest for the Orb.
     0 | D:1      | Reached XP level 1. HP: 18/18 MP: 1/1
   372 | D:1      | Found a faded altar of an unknown god.
  1116 | D:2      | Gained mutation: You are partially covered in rugged brown
                  | scales. (AC +1, +3% HP) [demonic ancestry]
  1116 | D:2      | Reached XP level 2. HP: 13/24 MP: 0/2
  1912 | D:2      | Reached XP level 3. HP: 29/29 MP: 3/3
  2333 | D:2      | Reached XP level 4. HP: 38/38 MP: 4/4
  2813 | D:2      | Reached XP level 5. HP: 27/43 MP: 3/5
  3287 | D:3      | Noticed Jessica
  3299 | D:3      | Killed Jessica
  3539 | D:4      | Noticed Grinder
  3551 | D:4      | Killed from afar by Grinder

Illustrated notes

Levels and vault maps discovered:
D:1:      dpeg_chamrin_arrival_tetris, layout_basic,
          hellmonk_ecumenical_altar_heavens_door, chequers_mini_garden
D:2:      layout_loops_corners
D:3:      layout_rooms, kennysheep_jessica_study
D:4:      nicolae_cairo_tiling_large, layout_cave_pools,
          grunt_temple_overflow_cloverleaf, minmay_temple_entry_slanted,
          uniq_grinder

Skill      XL: |  1  2  3  4  5 |
---------------+----------------+-----
Maces & Flails | 2 3 |  3.4
Armour         | 3 4 |  4.0
Fighting       | 4 |  4.4
Shields        | |  2.6

Action                   |  1- 3 |  4- 6 || total
-------------------------+-------+-------++-------
Melee: Whip              |    85 |   102 ||   187
       Flail             |     6 |       ||     6
Throw: Javelin           |       |     1 ||     1
Armor: Scale mail        |    43 |    53 ||    96
Dodge: Dodged            |    43 |    29 ||    72
Block: Buckler           |    20 |    21 ||    41
